AoeStats
← aleph224aleph224

Arabia

505233693Analyzed
1v1 RM · 24d ago on Sep 8, 2026· 63m 50s· 2 players
Game mode
Random Map
Map size
Tiny (2 player)
Population
200
Speed
Normal
Resources
Standard
Victory
Conquest
Starting age
Dark Age
Ending age
Imperial Age
RankedLock teamsTeams togetherTeam positionsShared explorationLock speedFull tech treeHidden civsTurbo modeCheats
Victory
Defeat
🇹🇼 Franks · Taiwan
891
+16
🇨🇳 Franks · China
898
-16
aleph224aleph224
8:28 Loom
11:05 Feudal Age
11:36 Double-Bit Axe
15:01 Forging
24:19 Castle Age
22:41 Scale Barding Armor
25:05 Gold Mining
25:27 Bow Saw
25:12 Stone Mining
26:15 Wheelbarrow
25:29 Town Watch
26:22 Iron Casting
25:50 Husbandry
28:26 Chain Barding Armor
27:58 Elite Skirmisher
28:34 Fletching
30:19 Town Patrol
30:35 Hand Cart
35:53 Gold Shaft Mining
38:26 Bodkin Arrow
41:43 Imperial Age
39:41 Light Cavalry
42:14 Cavalier
44:40 Blast Furnace
44:15 Plate Barding Armor
43:41 Padded Archer Armor
46:38 Conscription
47:47 Paladin
49:31 Chemistry
48:52 Ballistics
50:41 Heavy Scorpion
52:04 Chivalry
52:42 Hoardings
54:03 Leather Archer Armor
西安兰花
9:46 Loom
12:49 Feudal Age
14:39 Scale Barding Armor
23:27 Castle Age
22:43 Forging
22:34 Scale Mail Armor
23:14 Double-Bit Axe
23:29 Stone Mining
23:55 Gold Mining
25:41 Arson
31:35 Gold Shaft Mining
32:11 #83
31:57 Squires
32:39 Pikeman
38:36 Imperial Age
36:32 Husbandry
37:30 Wheelbarrow
36:42 Town Watch
38:01 Gold Shaft Mining
38:41 Chain Mail Armor
39:39 Elite Throwing Axeman
39:52 Halberdier
44:30 Cavalier
45:36 Padded Archer Armor
46:15 Chain Barding Armor
47:55 Plate Barding Armor
47:36 Leather Archer Armor
49:26 Plate Mail Armor
49:32 Iron Casting
48:48 Fletching
49:43 Hoardings
54:58 Bow Saw
58:42 Blast Furnace
57:37 Bodkin Arrow
Connection lost

Rejoining the realm…

Still unreachable

The connection could not be restored.

Session expired

The server has moved on; the page needs a fresh start.